 Dungeon Crawl Stone Soup version 0.20.0-10-g0535bb4 (webtiles) character file.

4165 Gorglomux the Cleaver (level 10, 0/96 HPs)
             Began as a Deep Dwarf Fighter on June 4, 2017.
             Was a Priest of Makhleb.
             Slain by a vampire (1 damage)
             ... on level 11 of the Dungeon.
             The game lasted 00:07:54 (3389 turns).

Gorglomux the Cleaver (Deep Dwarf Fighter)          Turns: 3389, Time: 00:07:55

Health: 0/96       AC:  9    Str: 20    XL:     10   Next: 7%
Magic:  1/1        EV: 12    Int:  9    God:    Makhleb [***...]
Gold:   51         SH: 11    Dex: 15    Spells: 9/9 levels left

rFire    . . .     SeeInvis .   a - +0 war axe
rCold    . . .     Gourm    .   c - +0 shield
rNeg     . . .     Faith    +   b - +0 scale mail
rPois    .         Spirit   .   (no helmet)
rElec    .         Reflect  .   I - +0 cloak
rCorr    .         Harm     .   (no gloves)
MR       +....                  (no boots)
Stlth    ..........             B - amulet of faith
Regen    0.0/turn               (no ring)
MPRegen  0.1/turn               (no ring)

@: non-regenerating
A: damage resistance, heal wounds, sense surroundings 2, no regeneration
a: Heal Wounds, Minor Destruction, Lesser Servant of Makhleb, Renounce Religion


You were on level 11 of the Dungeon.
You worshipped Makhleb.
Makhleb was most pleased with you.
You were hungry.

You visited 1 branch of the dungeon, and saw 9 of its levels.

You collected 279 gold pieces.
You spent 228 gold pieces at shops.

Inventory:

Hand Weapons
 a - a +0 war axe (weapon)
 K - a +2 antimagic battleaxe
Armour
 b - a +0 scale mail (worn)
 c - a +0 shield (worn)
 I - a +0 cloak (worn)
Jewellery
 B - an amulet of faith (around neck)
Scrolls
 A - a scroll of blinking {unknown}
 C - 9 scrolls of remove curse
 D - 3 scrolls of identify {unknown}
 J - a scroll of recharging {unknown}
 L - 2 scrolls of teleportation {unknown}
 M - a scroll of amnesia {unknown}
 S - a scroll of fog {unknown}
 T - a scroll of immolation {unknown}
Potions
 h - 2 potions of agility
 j - 3 potions of curing {unknown}
 F - a potion of haste {unknown}
 G - 2 potions of heal wounds
 H - a potion of lignification {unknown}
 O - a potion of resistance
 P - a potion of brilliance {unknown}
 R - a potion of ambrosia {unknown}
Books
 N - a book of Misfortune

   Spells                             Type                      Level
   a - Confusing Touch                Hexes                        1
   b - Confuse                        Hexes                        3
   c - Gell's Gravitas                Translocation                3
   d - Petrify                        Transmutation/Earth          4
   e - Metabolic Englaciation         Hexes/Ice                    5
   f - Yara's Violent Unravelling     Hexes/Transmutation          5
Comestibles
 f - 5 bread rations
 g - 2 royal jellies
 z - 6 meat rations
 U - 5 fruits


   Skills:
 + Level 7.7 Fighting
 + Level 8.8 Axes
 - Level 7.0 Armour
 - Level 5.9 Dodging
 - Level 6.7 Shields


You had 9 spell levels left.
You didn't know any spells.

Dungeon Overview and Level Annotations

Branches:
Dungeon (8/15)             Temple (0/1) D:5
   Lair: D:8-11

Altars:
Elyvilon
Kikubaaqudgha
Makhleb
Nemelex Xobeh
Okawaru
Qazlal
Trog
Xom
Yredelemnul
Zin

Shops:
D:6 !

Annotations:
D:5 Rekenzichi's ghost, novice DrGl


Innate Abilities, Weirdness & Mutations

You are resistant to damage.
You can heal yourself by infusing magical energy.
You passively map the area around you.
You do not regenerate.


Message History

* * * LOW HITPOINT WARNING * * *
The vampire draws strength from your injuries!
You barely miss the vampire.
The vampire is heavily damaged.
The vampire hits you but does no damage.
You block the vampire's attack.
You hit the vampire but do no damage.
The vampire is heavily damaged.
The vampire misses you. The vampire bites you!
* * * LOW HITPOINT WARNING * * *
The vampire draws strength from your injuries!
You slash the vampire!
The vampire is severely damaged.
The vampire gestures wildly while chanting.
The vampire flickers and vanishes!
Deactivating autopickup; reactivate with Ctrl-A.
Something hits you.
* * * LOW HITPOINT WARNING * * *
Something bites you.
You die...

############.# * * *
...........#<# ,
##########.#.# * # #.#.# *
# ########.#.############
###.............((.......*
,
................([.......*
................{........
* * *
..............).@.......%
,
###......................
, ,
.........................
*
###......................
.........................
, ........................
* ........................
, ,
###..................... *
* , #.....>.. , , , ,


There were no monsters in sight!

Vanquished Creatures
  An unseen horror (D:11)
  A troll (D:11)
  3 yaks (D:7)
  4 orc warriors (D:6)
  A hornet zombie (D:6)
  A sky beast (D:7)
  An ogre (D:7)
  A centaur (D:5)
  5 bullfrogs
  2 scorpions
  3 killer bees (D:6)
  9 wights (D:7)
  2 howler monkeys
  2 centaur zombies
  4 crimson imps (D:5)
  2 quasits (D:7)
  5 hounds
  A jelly (D:6)
  A centaur skeleton (D:5)
  3 orc priests (D:6)
  An iguana (D:7)
  3 orc wizards
  6 worker ants
  A hound skeleton (D:7)
  A howler monkey zombie (D:5)
  4 gnolls (D:6)
  4 adders
  An adder zombie (D:5)
  An adder skeleton (D:5)
  3 worms (D:2)
  3 dart slugs
  5 leopard geckos
  16 orcs
  6 giant cockroaches
  A goblin (D:1)
  8 jackals
  3 quokkas
  A ball python (D:4)
  A bat (D:2)
  A frilled lizard (D:4)
  A leopard gecko zombie (D:5)
  A spectral orc (D:7)
124 creatures vanquished.

Notes
Turn   | Place    | Note
-------+----------+-------------------------------------------
     0 | D:1      | Gorglomux the Deep Dwarf Fighter began the quest for the Orb.
     0 | D:1      | Reached XP level 1. HP: 20/20 MP: 1/1
   190 | D:2      | Reached skill level 1 in Dodging
   190 | D:2      | Reached XP level 2. HP: 12/27 MP: 2/2
   462 | D:3      | Found a sparkling altar of Nemelex Xobeh.
   491 | D:3      | Found a stormy altar of Qazlal.
   575 | D:4      | Reached skill level 3 in Fighting
   575 | D:4      | Reached XP level 3. HP: 34/34 MP: 3/3
   593 | D:4      | Found an ancient bone altar of Kikubaaqudgha.
   640 | D:4      | Reached XP level 4. HP: 42/42 MP: 4/4
   730 | D:5      | Entered Level 5 of the Dungeon
   766 | D:4      | Found a white marble altar of Elyvilon.
   919 | D:5      | Reached skill level 3 in Axes
   930 | D:5      | Reached XP level 5. HP: 39/49 MP: 5/5
  1181 | D:5      | Found a burning altar of Makhleb.
  1208 | D:5      | Became a worshipper of Makhleb the Destroyer
  1264 | D:5      | Reached XP level 6. HP: 47/56 MP: 6/6
  1302 | D:5      | Reached skill level 3 in Dodging
  1307 | D:5      | Noticed Rekenzichi's ghost (novice DrGl)
  1337 | D:5      | Found a bloodstained altar of Trog.
  1370 | D:5      | Found a shimmering altar of Xom.
  1480 | D:5      | Reached skill level 4 in Axes
  1495 | D:5      | Reached XP level 7. HP: 53/64 MP: 7/7
  1528 | D:5      | Found a staircase to the Ecumenical Temple.
  1671 | D:5      | Reached * piety under Makhleb
  1850 | D:6      | Reached skill level 5 in Axes
  1850 | D:6      | Reached XP level 8. HP: 59/73 MP: 2/6
  1982 | D:6      | HP: 3/73 [orc warrior/halberd (11)]
  1987 | D:6      | Reached skill level 6 in Armour
  1995 | D:6      | Found Wypapor's Distillery.
  2000 | D:6      | Bought a potion of heal wounds for 60 gold pieces
  2000 | D:6      | Bought a potion of agility for 48 gold pieces
  2000 | D:6      | Bought a potion of resistance for 120 gold pieces
  2097 | D:6      | Reached ** piety under Makhleb
  2157 | D:6      | Reached skill level 6 in Shields
  2415 | D:7      | Reached skill level 6 in Axes
  2417 | D:7      | Gained mutation: You passively map the area around you. [Deep Dwarf growth]
  2417 | D:7      | Reached XP level 9. HP: 30/81 MP: 4/4
  2490 | D:7      | Found an iron altar of Okawaru.
  2619 | D:7      | Reached skill level 6 in Fighting
  2649 | D:7      | Reached skill level 7 in Axes
  2672 | D:7      | Found a basalt altar of Yredelemnul.
  2729 | D:7      | Reached *** piety under Makhleb
  2767 | D:7      | Found a glowing silver altar of Zin.
  3282 | D:8      | You fall through a shaft for 3 floors!
  3321 | D:11     | Killed an unseen horror
  3321 | D:11     | Reached skill level 8 in Axes
  3347 | D:11     | Noticed a troll
  3366 | D:11     | Killed a troll
  3367 | D:11     | Reached XP level 10. HP: 27/96 MP: 1/1
  3388 | D:11     | HP: 4/96 [vampire (7)]
  3389 | D:11     | HP: 1/96 [something (3)]
  3389 | D:11     | Slain by a vampire

Skill      XL: |  1  2  3  4  5  6  7  8  9 |
---------------+----------------------------+-----
Dodging        | 1 2 3 4 5 |  5.9
Fighting       | 3 4 5 7 |  7.7
Axes           | 3 4 5 6 8 |  8.8
Armour         | 4 5 6 7 |  7.0
Shields        | 4 5 6 |  6.7

Action                   |  1- 3 |  4- 6 |  7- 9 | 10-12 || total
-------------------------+-------+-------+-------+-------++-------
Melee: War axe           |    49 |   179 |   388 |    14 ||   630
Invok: Minor Destruction |       |       |     7 |       ||     7
 Abil: Heal Wounds       |     1 |     2 |    26 |     2 ||    31
  Use: Scroll            |       |     1 |       |       ||     1
       Potion            |       |       |     1 |       ||     1
  Eat: Chunk             |       |     2 |     7 |       ||     9
Armor: Scale mail        |    23 |    61 |   188 |     7 ||   279
Dodge: Dodged            |    14 |    62 |   233 |    12 ||   321
Block: Shield            |    29 |   101 |   293 |    10 ||   433
